 Dungeon Crawl Stone Soup version 0.30-a0-743-gbfdf073431 (webtiles) character file.

Game seed: 15415426929834863338

508 cheesebisquit the Cleaver (level 6, -4/51 HPs)
             Began as a Minotaur Berserker on Feb 5, 2023.
             Was a Priest of Trog.
             Slain by a mummy (8 damage)
             ... in an ossuary.
             The game lasted 00:13:27 (3234 turns).

cheesebisquit the Cleaver (Minotaur Berserker)      Turns: 3234, Time: 00:13:27

Health: -4/51      AC: 14    Str: 24    XL:     6   Next: 98%
Magic:  5/5        EV:  7    Int:  4    God:    Trog [***...]
Gold:   243        SH:  0    Dex:  9    Spells: 5/5 levels left

rFire   . . .      SeeInvis .    a - +0 hand axe
rCold   . . .      Faith    .    (no shield)
rNeg    . . .      Spirit   .    k - +1 plate armour
rPois   .          Reflect  .    (helmet restricted)
rElec   .          Harm     .    (no cloak)
rCorr   .          Rampage  .    (no gloves)
Will    .....                    (no boots) Stlth
                                 (no amulet)
HPRegen 0.28/turn                (no ring)
MPRegen 0.09/turn                (no ring)

@: mighty
A: horns 2, retaliatory headbutt, iridescent scales 1, devolution 1
a: Renounce Religion, Berserk, Trog's Hand


You were in an ossuary.
You worshipped Trog.
Trog was most pleased with you.
You visited 1 branch of the dungeon, and saw 5 of its levels.
You also visited: Ossuary.

You collected 243 gold pieces.

Inventory:

Hand Weapons
 a - a +0 hand axe (weapon)
Missiles
 e - 9 poisoned darts (quivered)
Armour
 d - a +0 chain mail
 k - a +1 plate armour (worn)
Jewellery
 q - the ring of Gegulev {Fire rElec rCorr Int-2 Dex+2}
   (You found it on level 3 of the Dungeon)

   [ring of fire]

   It enhances your fire magic.
   Int:       It affects your intelligence (-2).
   Dex:       It affects your dexterity (+2).
   rF:        It protects you from fire.
   rC:        It makes you vulnerable to cold.
   rElec:     It insulates you from electricity.
   rCorr:     It protects you from acid and corrosion.
Scrolls
 b - 2 scrolls of vulnerability {unknown}
 g - 2 scrolls of enchant armour
 i - 2 scrolls of noise {unknown}
 j - a scroll of teleportation
 l - 2 scrolls of silence {unknown}
 m - a scroll of enchant weapon
 n - 3 scrolls of brand weapon {unknown}
Potions
 c - a potion of mutation
 h - a potion of degeneration {unknown}
 o - a potion of ambrosia {unknown}
 p - a potion of invisibility {unknown}
 r - a potion of magic {unknown}
 s - a potion of flight {unknown}


   Skills:
 - Level 3.6 Fighting
 + Level 9.6 Axes
 - Level 2.4 Armour
 - Level 2.1 Dodging


You had 5 spell levels left.
You didn't know any spells.
Your spell library was empty.

Dungeon Overview and Level Annotations

Branches:
Dungeon (5/15)            Ossuary (1/1)
 Temple: D:4-7

Altars:
Elyvilon


Innate Abilities, Weirdness & Mutations

You have a pair of horns on your head.
You reflexively headbutt those who attack you in melee.
You are partially covered in iridescent scales. (AC +2)
You have hidden genetic defects.


Message History

You hit the bog mummy but do no damage. You headbutt the bog mummy.
You destroy the bog mummy!
Trog accepts your kill.
Trog appreciates your killing of a magic user.
You barely miss the bog mummy. You hit the bog mummy.
The bog mummy is lightly damaged.
The bog mummy hits you but does no damage.
You slash the bog mummy!
The bog mummy is severely damaged.
You hit the bog mummy but do no damage.
The bog mummy is severely damaged.
The bog mummy closely misses you.
You hit the bog mummy. You headbutt the bog mummy.
You destroy the bog mummy!
Trog accepts your kill.
Trog appreciates your killing of a magic user.
You hit the mummy. You hit the mummy but do no damage.
The mummy is lightly damaged.
You hit the centaur zombie. The centaur zombie hits you.
* * * LOW HITPOINT WARNING * * *
The centaur zombie kicks you but does no damage.
The mummy hits you!
* * * LOW HITPOINT WARNING * * *
Okay, then.
Okay, then.
It was a potion of mutation.
You feel extremely strange.
You occasionally lose the ability to drink potions when taking damage.
You no longer become unable to drink potions after taking damage.
You feel a hidden malignance growing inside you.
Iridescent scales grow over part of your body.
The centaur zombie hits you but does no damage.
The centaur zombie kicks you but does no damage.
The centaur zombie hits you but does no damage.
The centaur zombie kicks you but does no damage.
It was a potion of might.
You feel very mighty all of a sudden. The mummy hits you!
You die...

##### #∩..# #
#.∩.# #. #...#
#~~##Z##+##'##.#
.....ZZ@.......+
##'#'#M#+#'#+#+#
#. #.# ## ###


You could see a mummy, a bullfrog zombie, a centaur zombie and a howler monkey
zombie.

Vanquished Creatures
  An ogre (D:5)
  A water moccasin zombie (Ossuary)
  A jelly (D:5)
  An iguana (D:5)
  An orc wizard (D:4)
  4 mummies (Ossuary)
  Robin (D:2)
  4 gnolls (D:4)
  6 adders
  A worm (D:3)
  2 dart slugs
  9 orcs
  6 bats
  6 endoplasms
  5 giant cockroaches
  12 hobgoblins
  9 kobolds
  4 quokkas
  4 ball pythons
  5 frilled lizards
  9 goblins
  6 rats
98 creatures vanquished.

Vanquished Creatures (others)
  4 withered plants (Ossuary)
4 creatures vanquished.

Grand Total: 102 creatures vanquished

Notes
Turn   | Place    | Note
-------+----------+-------------------------------------------
     0 | D:1      | cheesebisquit the Minotaur Berserker began the quest for
                  | the Orb.
     0 | D:1      | Reached XP level 1. HP: 19/19 MP: 0/0
    79 | D:1      | Reached skill level 4 in Axes
   172 | D:1      | Reached XP level 2. HP: 26/26 MP: 1/1
   411 | D:1      | Reached skill level 5 in Axes
   522 | D:1      | Reached XP level 3. HP: 28/31 MP: 2/2
   662 | D:1      | Reached ** piety under Trog
  1125 | D:2      | Identified the +1 robe "Hedwuss" {rF+}
  1159 | D:2      | Noticed Robin
  1173 | D:2      | Killed Robin
  1174 | D:2      | Reached skill level 6 in Axes
  1174 | D:2      | Reached XP level 4. HP: 35/39 MP: 3/3
  2091 | D:3      | Found a faded altar of an unknown god.
  2095 | D:3      | Found a white marble altar of Elyvilon.
  2197 | D:3      | Reached XP level 5. HP: 45/45 MP: 4/4
  2239 | D:3      | Reached skill level 7 in Axes
  2240 | D:3      | Identified the ring of Gegulev {Fire rElec rCorr Int-2
                  | Dex+2}
  2583 | D:4      | Reached *** piety under Trog
  2994 | D:4      | You fall into a shaft and drop 1 floor!
  2994 | D:5      | Entered Level 5 of the Dungeon
  3009 | D:5      | Reached skill level 8 in Axes
  3036 | D:5      | Noticed an ogre
  3043 | D:5      | Killed an ogre
  3044 | D:5      | Reached XP level 6. HP: 51/51 MP: 5/5
  3190 | D:5      | Found a sand-covered staircase.
  3197 | Ossuary  | Entered an ossuary
  3206 | Ossuary  | Reached skill level 9 in Axes
  3233 | Ossuary  | Gained mutation: You occasionally lose the ability to drink
                  | potions when taking damage. [potion of mutation]
  3233 | Ossuary  | Lost mutation: You occasionally lose the ability to drink
                  | potions when taking damage. [potion of mutation]
  3233 | Ossuary  | Gained mutation: You have hidden genetic defects. [potion
                  | of mutation]
  3233 | Ossuary  | Gained mutation: You are partially covered in iridescent
                  | scales. (AC +2) [potion of mutation]
  3234 | Ossuary  | Slain by a mummy

Illustrated notes

Levels and vault maps discovered:
D:1:      dpeg_arrival_fog, layout_basic, minmay_pentomino_u4
D:2:      layout_loops_ring, uniq_robin
D:3:      layout_loops_ring, nicolae_overflow_ecumenical_swirl, minivault_26,
          minmay_checkerbox
D:4:      layout_basic
D:5:      layout_basic, chequers_ossuary_entry_cave
Ossuary:  ossuary_zaba_flooded

Skill      XL: |  1  2  3  4  5  6 |
---------------+-------------------+-----
Axes           | 4 5 6 8 9 |  9.6
Fighting       | |  3.6
Armour         | |  2.4
Dodging        | |  2.1

Action                     |  1- 3 |  4- 6 || total
---------------------------+-------+-------++-------
  Melee: Hand axe          |    96 |   173 ||   269
         Headbutt          |     9 |    24 ||    33
         Punch             |       |     1 ||     1
  Throw: Dart              |     5 |    13 ||    18
    Use: Scroll            |       |     5 ||     5
         Potion            |       |     2 ||     2
 Armour: Chain mail        |    48 |     3 ||    51
         Animal skin       |     1 |       ||     1
         Plate armour      |       |    83 ||    83
  Dodge: Dodged            |    45 |    51 ||    96

Table legend: (Time is in decaauts)
 A = Elapsed time spent in this place.
 B = Non-inter-level travel time spent in this place.
 C = Inter-level travel time spent in this place.
 D = Time resting spent in this place.
 E = Time spent auto-exploring this place.
 F = Levels seen in this place.
 G = Mean time per level.
                   A        B        C        D        E       F      G
               +--------+--------+--------+--------+--------+-----+--------+
         Total |   3228 |   2807 |    421 |      0 |   2061 |   6 |  538.0 |
       Dungeon |   3196 |   2775 |    421 |      0 |   2059 |   5 |  639.2 |
       Ossuary |     32 |     32 |      0 |      0 |      2 |   1 |   32.0 |
               +--------+--------+--------+--------+--------+-----+--------+

Top non-repeatable levels by time:
     D:3: 897 daAuts
     D:1: 889 daAuts
     D:2: 791 daAuts
     D:4: 417 daAuts
     D:5: 200 daAuts
 Ossuary: 32 daAuts
